| TOP OF THE 1ST |
|
Clemson University Tigers batting - Pitching for University of Michigan Wolverines : LHP Kees van Bergen
|
|
Pitching: LHP Kees van Bergen
|
|
|
Batting: LHB Steve Gates
|
0-0: Foul Ball, location: 2F 0-1: Ball 1-1: Swinging Strike 1-2: Ball 2-2: Ground out 4-3 (Groundball, 34D, EV 100.0 MPH)
|
|
Batting: LHB Santiago Carrillo
|
0-0: Ball 1-0: Ball 2-0: Called Strike 2-1: Ball 3-1: Called Strike 3-2: Ground out U3 (Groundball, 3, EV 101.9 MPH)
|
|
Batting: RHB Marco Maggs
|
0-0: Called Strike 0-1: Ball 1-1: Ball 2-1: Ball 3-1: Base on Balls
|
|
Batting: RHB Josh LeSage
|
0-0: Ball 1-0: Ball 2-0: Ball 3-0: Called Strike 3-1: Base on Balls Marco Maggs to second
|
|
Batting: LHB Jochen Salt
|
0-0: Foul Ball, location: 2F 0-1: Swinging Strike 0-2: Ball 1-2: Foul Ball, location: 2F 1-2: Strikes out swinging
|
| Top of the 1st over - 0 runs, 0 hits, 0 errors, 2 left on base; Clemson University 0 - University of Michigan 0 |
| BOTTOM OF THE 1ST |
|
University of Michigan Wolverines batting - Pitching for Clemson University Tigers : RHP Joe Maid
|
|
Pitching: RHP Joe Maid
|
|
|
Batting: RHB Gerard Gordijn
|
0-0: Ball 1-0: Ball 2-0: Ball 3-0: Called Strike 3-1: Base on Balls
|
|
Pitching: RHP David Padron
|
|
|
Batting: RHB Wendell Sarkies
|
0-0: Ball 1-0: Fly out, F8 (Line Drive, 89M, EV 85.0 MPH)
|
|
Batting: RHB Walter Fisher
|
0-0: Fly out, F9 (Flyball, 9S, EV 82.5 MPH)
|
|
Batting: RHB Mike Harden
|
0-0: SINGLE (Groundball, 56D, EV 98.1 MPH) Gerard Gordijn to second
|
|
Batting: RHB Chris Williamson
|
0-0: Ball 1-0: Ball 2-0: Called Strike 2-1: Ball 3-1: Foul Ball, location: 2F 3-2: Base on Balls Gerard Gordijn to third Mike Harden to second
|
|
Batting: SHB Phillip Blake
|
0-0: SINGLE (Groundball, 25, EV 61.2 MPH) (infield hit) Gerard Gordijn scores Mike Harden to third Chris Williamson to second
|
|
Batting: RHB Cesar Rubio
|
0-0: Ball 1-0: Fly out, F7 (Flyball, 7LS, EV 90.6 MPH)
|
| Bottom of the 1st over - 1 run, 2 hits, 0 errors, 3 left on base; Clemson University 0 - University of Michigan 1 |
| TOP OF THE 2ND |
|
Clemson University Tigers batting - Pitching for University of Michigan Wolverines : LHP Kees van Bergen
|
|
Batting: RHB Jason Duncan
|
0-0: Ball 1-0: Ball 2-0: Swinging Strike 2-1: Called Strike 2-2: Strikes out swinging, 2-3 out at first.
|
|
Batting: LHB George Jedinak
|
0-0: Ball 1-0: Foul Ball, location: 2F 1-1: Fly out, F8 (Flyball, 8LD, EV 100.0 MPH)
|
|
Batting: RHB Danny Gutierrez
|
0-0: Ball 1-0: Ground out 6-3 (Groundball, 6, EV 90.0 MPH)
|
| Top of the 2nd over - 0 runs, 0 hits, 0 errors, 0 left on base; Clemson University 0 - University of Michigan 1 |
| BOTTOM OF THE 2ND |
|
University of Michigan Wolverines batting - Pitching for Clemson University Tigers : RHP David Padron
|
|
Batting: SHB Elvis Hoying
|
0-0: Called Strike 0-1: Ball 1-1: Ball 2-1: Ball 3-1: Ground out 1-3 (Groundball, 13, EV 66.9 MPH)
|
|
Batting: LHB Lance Sabo
|
0-0: Called Strike 0-1: Foul Ball, location: 2F 0-2: Fly out, F7 (Flyball, 78M, EV 85.0 MPH)
|
|
Batting: RHB Gerard Gordijn
|
0-0: Called Strike 0-1: Ball 1-1: SINGLE (Line Drive, 9S, EV 94.4 MPH)
|
|
Batting: RHB Wendell Sarkies
|
0-0: Swinging Strike 0-1: Swinging Strike 0-2: SINGLE (Groundball, 6D, EV 99.4 MPH) Gerard Gordijn to second
|
|
Batting: RHB Walter Fisher
|
0-0: Ball 1-0: SINGLE (Groundball, 6M, EV 96.9 MPH) (infield hit) Gerard Gordijn to third Wendell Sarkies to second
|
|
Batting: RHB Mike Harden
|
0-0: Ball 1-0: Ball 2-0: Foul Ball, location: 2F 2-1: SINGLE (Flyball, 56D, EV 90.0 MPH) Gerard Gordijn scores Wendell Sarkies to third Walter Fisher to second Runner from 3rd tries for Home, SAFE, throw by LF to home
|
|
Batting: RHB Chris Williamson
|
0-0: Called Strike 0-1: Swinging Strike 0-2: Ball 1-2: Ball Wild Pitch! Walter Fisher to third Mike Harden to second 2-2: Ball 3-2: Ground out 5-3 (Groundball, 56S, EV 73.1 MPH)
|
| Bottom of the 2nd over - 2 runs, 4 hits, 0 errors, 2 left on base; Clemson University 0 - University of Michigan 3 |
| TOP OF THE 3RD |
|
Clemson University Tigers batting - Pitching for University of Michigan Wolverines : LHP Kees van Bergen
|
|
Batting: LHB Alfredo Padilla
|
0-0: Ball 1-0: Ground out 1-3 (Groundball, 34S, EV 71.9 MPH)
|
|
Batting: LHB Steve Gates
|
0-0: Ball 1-0: Called Strike 1-1: SOLO HOME RUN (Flyball, 9D, EV 100.6 MPH), Distance : 398 ft
|
|
Batting: LHB Santiago Carrillo
|
0-0: Called Strike 0-1: Ball 1-1: Foul Ball, location: 2F 1-2: Strikes out looking
|
|
Batting: RHB Marco Maggs
|
0-0: Ball 1-0: Swinging Strike 1-1: Swinging Strike 1-2: Ball 2-2: Strikes out swinging
|
| Top of the 3rd over - 1 run, 1 hit, 0 errors, 0 left on base; Clemson University 1 - University of Michigan 3 |
| BOTTOM OF THE 3RD |
|
University of Michigan Wolverines batting - Pitching for Clemson University Tigers : RHP David Padron
|
|
Batting: SHB Phillip Blake
|
0-0: SINGLE (Line Drive, 8LS, EV 89.4 MPH)
|
|
Pitching: LHP Jonathan Hughes
|
|
|
Batting: RHB Cesar Rubio
|
0-0: Called Strike 0-1: Foul Ball, location: 2F 0-2: Ball 1-2: Ball 2-2: Ball 3-2: Base on Balls Phillip Blake to second
|
|
Batting: SHB Elvis Hoying
|
0-0: Called Strike 0-1: Ball 1-1: Ball 2-1: Ball 3-1: Base on Balls Phillip Blake to third Cesar Rubio to second
|
|
Batting: LHB Lance Sabo
|
0-0: Ball 1-0: Ball 2-0: Ball 3-0: Called Strike 3-1: Base on Balls Phillip Blake scores Cesar Rubio to third Elvis Hoying to second
|
|
Batting: RHB Gerard Gordijn
|
0-0: Ball 1-0: Ball 2-0: Ball 3-0: Base on Balls Cesar Rubio scores Elvis Hoying to third Lance Sabo to second
|
|
Batting: RHB Wendell Sarkies
|
0-0: Ball 1-0: Foul Ball, location: 2F 1-1: Fly out, F8 (Flyball, 89S, EV 90.0 MPH)
|
|
Batting: RHB Walter Fisher
|
0-0: Ball 1-0: Foul Ball, location: 2F 1-1: Foul Ball, location: 2F 1-2: Ball 2-2: Ball 3-2: Fly out, F9 (Line Drive, 9, EV 103.1 MPH) Runner from 3rd tags up, SCORES, throw by RF Lance Sabo to third
|
|
Pitching: RHP Trevor Doyle
|
|
|
Batting: RHB Mike Harden
|
0-0: Ball 1-0: Swinging Strike 1-1: Foul Ball, location: 2F 1-2: SINGLE (Groundball, 56D, EV 101.2 MPH) Lance Sabo scores Gerard Gordijn to second
|
|
Batting: RHB Chris Williamson
|
0-0: Ball 1-0: Called Strike 1-1: Ball 2-1: Fly out, F8 (Line Drive, 8LD, EV 86.9 MPH)
|
| Bottom of the 3rd over - 4 runs, 2 hits, 0 errors, 2 left on base; Clemson University 1 - University of Michigan 7 |
| TOP OF THE 4TH |
|
Clemson University Tigers batting - Pitching for University of Michigan Wolverines : LHP Kees van Bergen
|
|
Batting: RHB Josh LeSage
|
0-0: Ball 1-0: Called Strike 1-1: Called Strike 1-2: Strikes out looking
|
|
Batting: LHB Jochen Salt
|
0-0: Swinging Strike 0-1: Called Strike 0-2: Ball 1-2: Strikes out swinging
|
|
Batting: RHB Jason Duncan
|
0-0: Ball 1-0: Called Strike 1-1: Ball 2-1: Ball 3-1: Swinging Strike 3-2: SINGLE (Line Drive, 8RS, EV 89.4 MPH)
|
|
Batting: LHB George Jedinak
|
0-0: Ball 1-0: Foul Ball, location: 2F 1-1: Swinging Strike 1-2: Foul Ball, location: 2F 1-2: Ball 2-2: SINGLE (Flyball, 34D, EV 89.4 MPH) Jason Duncan to second Runner from 2nd tries for 3rd, SAFE, throw by RF made to third
|
|
Batting: RHB Danny Gutierrez
|
0-0: Ball 1-0: Swinging Strike 1-1: Ball 2-1: Called Strike 2-2: Strikes out swinging
|
| Top of the 4th over - 0 runs, 2 hits, 0 errors, 2 left on base; Clemson University 1 - University of Michigan 7 |
| BOTTOM OF THE 4TH |
|
University of Michigan Wolverines batting - Pitching for Clemson University Tigers : RHP Trevor Doyle
|
|
Batting: SHB Phillip Blake
|
0-0: Ball 1-0: SINGLE (Flyball, 78S, EV 87.5 MPH)
|
|
Batting: RHB Cesar Rubio
|
0-0: SINGLE (Groundball, 56, EV 100.0 MPH) (infield hit) Phillip Blake to second
|
|
Batting: SHB Elvis Hoying
|
0-0: Ball 1-0: Grounds into double play, 4-6-3 (Groundball, 4, EV 87.5 MPH) Phillip Blake to third
|
|
Batting: LHB Lance Sabo
|
0-0: Ball 1-0: Ball 2-0: Ball 3-0: Base on Balls
|
|
Batting: RHB Gerard Gordijn
|
0-0: Ball 1-0: Called Strike 1-1: Foul Ball, location: 2F 1-2: Strikes out swinging
|
| Bottom of the 4th over - 0 runs, 2 hits, 0 errors, 2 left on base; Clemson University 1 - University of Michigan 7 |
| TOP OF THE 5TH |
|
Clemson University Tigers batting - Pitching for University of Michigan Wolverines : LHP Kees van Bergen
|
|
Batting: LHB Alfredo Padilla
|
0-0: Foul Ball, location: 2F 0-1: Swinging Strike 0-2: Strikes out looking
|
|
Batting: LHB Steve Gates
|
0-0: Ball 1-0: Foul Ball, location: 2F 1-1: Swinging Strike 1-2: Ball 2-2: Foul Ball, location: 2F 2-2: Foul Ball, location: 2F 2-2: Ball 3-2: Foul Ball, location: 2F 3-2: Foul Ball, location: 2F 3-2: Ground out 4-3 (Groundball, 4, EV 104.4 MPH)
|
|
Batting: LHB Santiago Carrillo
|
0-0: Foul Ball, location: 2F 0-1: SINGLE (Popup, 4MD, EV 50.0 MPH)
|
|
Pitching: RHP Leon DeSanctis
|
|
|
Batting: RHB Marco Maggs
|
0-0: SINGLE (Groundball, 5S, EV 69.4 MPH) (infield hit) Santiago Carrillo to second
|
|
Batting: RHB Josh LeSage
|
0-0: DOUBLE (Line Drive, 89D, EV 92.5 MPH) Santiago Carrillo scores Marco Maggs to third Runner from 3rd tries for Home, SAFE, no throw by CF
|
|
Batting: LHB Jochen Salt
|
0-0: Fly out, F8 (Flyball, 8LS, EV 87.5 MPH)
|
| Top of the 5th over - 2 runs, 3 hits, 0 errors, 1 left on base; Clemson University 3 - University of Michigan 7 |
| BOTTOM OF THE 5TH |
|
University of Michigan Wolverines batting - Pitching for Clemson University Tigers : RHP Trevor Doyle
|
|
Batting: RHB Wendell Sarkies
|
0-0: Foul Ball, location: 2F 0-1: Foul Ball, location: 2F 0-2: Ball 1-2: Fly out, F8 (Flyball, 8RM, EV 93.8 MPH)
|
|
Batting: RHB Walter Fisher
|
0-0: Called Strike 0-1: Ball 1-1: Ground out 5-3 (Groundball, 56, EV 89.4 MPH)
|
|
Batting: RHB Mike Harden
|
0-0: Ball 1-0: Hit by Pitch
|
|
Batting: RHB Chris Williamson
|
0-0: Called Strike 0-1: Ball 1-1: Swinging Strike 1-2: Ball 2-2: Fly out, F7 (Line Drive, 78M, EV 95.6 MPH)
|
| Bottom of the 5th over - 0 runs, 0 hits, 0 errors, 1 left on base; Clemson University 3 - University of Michigan 7 |
| TOP OF THE 6TH |
|
Clemson University Tigers batting - Pitching for University of Michigan Wolverines : RHP Leon DeSanctis
|
|
Batting: RHB Jason Duncan
|
0-0: Ball 1-0: Called Strike 1-1: Ball 2-1: Ground out 6-3 (Groundball, 6, EV 89.4 MPH)
|
|
Batting: LHB George Jedinak
|
0-0: Ball 1-0: Ball 2-0: Swinging Strike 2-1: Ball 3-1: Base on Balls
|
|
Batting: RHB Danny Gutierrez
|
0-0: Fly out, F6 (Line Drive, 56, EV 63.1 MPH)
|
|
Now at SS: Remie Braakman
|
|
|
Batting: LHB Alfredo Padilla
|
0-0: Ball 1-0: Fielders Choice at 2nd, U6 (Groundball, 6M, EV 104.4 MPH)
|
| Top of the 6th over - 0 runs, 0 hits, 0 errors, 1 left on base; Clemson University 3 - University of Michigan 7 |
| BOTTOM OF THE 6TH |
|
University of Michigan Wolverines batting - Pitching for Clemson University Tigers : RHP Trevor Doyle
|
|
Pitching: RHP Dustin DeMent
|
|
|
Batting: SHB Phillip Blake
|
0-0: Called Strike 0-1: Called Strike 0-2: Ball 1-2: Strikes out swinging
|
|
Batting: RHB Cesar Rubio
|
0-0: Swinging Strike 0-1: Ground out 5-3 (Groundball, 56, EV 84.4 MPH)
|
|
Batting: RHB Remie Braakman
|
0-0: Called Strike 0-1: Ball 1-1: Ball 2-1: Swinging Strike 2-2: Strikes out swinging
|
| Bottom of the 6th over - 0 runs, 0 hits, 0 errors, 0 left on base; Clemson University 3 - University of Michigan 7 |
| TOP OF THE 7TH |
|
Clemson University Tigers batting - Pitching for University of Michigan Wolverines : RHP Leon DeSanctis
|
|
Pitching: RHP Dave Catano
|
|
|
Batting: LHB Steve Gates
|
0-0: Called Strike 0-1: Called Strike 0-2: Ball 1-2: Fly out, F9 (Flyball, 9LS, EV 80.6 MPH)
|
|
Batting: LHB Santiago Carrillo
|
0-0: Called Strike 0-1: Ball 1-1: Foul Ball, location: 2F 1-2: SOLO HOME RUN (Flyball, 7LD, EV 101.2 MPH), Distance : 390 ft
|
|
Batting: RHB Marco Maggs
|
0-0: Fly out, F7 (Flyball, 7D, EV 90.0 MPH)
|
|
Batting: RHB Josh LeSage
|
0-0: Called Strike 0-1: Ball 1-1: Swinging Strike 1-2: Ball 2-2: Strikes out swinging
|
| Top of the 7th over - 1 run, 1 hit, 0 errors, 0 left on base; Clemson University 4 - University of Michigan 7 |
| BOTTOM OF THE 7TH |
|
University of Michigan Wolverines batting - Pitching for Clemson University Tigers : RHP Dustin DeMent
|
|
Batting: LHB Lance Sabo
|
0-0: Ball 1-0: Foul Ball, location: 2F 1-1: Foul Ball, location: 2F 1-2: Fly out, F3 (Popup, 34S, EV 79.4 MPH)
|
|
Batting: RHB Gerard Gordijn
|
0-0: Ball 1-0: Called Strike 1-1: Swinging Strike 1-2: Foul Ball, location: 2F 1-2: Ground out 6-3 (Groundball, 56, EV 85.0 MPH)
|
|
Batting: RHB Wendell Sarkies
|
0-0: Ball 1-0: Called Strike 1-1: Foul Ball, location: 2F 1-2: Fly out, F8 (Flyball, 89XD, EV 105.0 MPH)
|
| Bottom of the 7th over - 0 runs, 0 hits, 0 errors, 0 left on base; Clemson University 4 - University of Michigan 7 |
| TOP OF THE 8TH |
|
Clemson University Tigers batting - Pitching for University of Michigan Wolverines : RHP Dave Catano
|
|
Pitching: LHP Danny Warner
|
|
|
Now at 1B: Murdock Cranton
|
|
|
Now in RF: Lance Sabo
|
|
|
Batting: LHB Jochen Salt
|
0-0: Ball 1-0: Foul Ball, location: 2F 1-1: Ball 2-1: Foul Ball, location: 2F 2-2: Strikes out looking
|
|
Pitching: RHP Dave Bressler
|
|
|
Batting: RHB Jason Duncan
|
0-0: Called Strike 0-1: Ball 1-1: Foul Ball, location: 2F 1-2: Strikes out swinging
|
|
Batting: LHB George Jedinak
|
0-0: Called Strike 0-1: SOLO HOME RUN (Flyball, 9LD, EV 95.0 MPH), Distance : 369 ft
|
|
Batting: RHB Danny Gutierrez
|
0-0: Called Strike 0-1: Ball 1-1: Fly out, F8 (Flyball, 8LD, EV 79.4 MPH)
|
| Top of the 8th over - 1 run, 1 hit, 0 errors, 0 left on base; Clemson University 5 - University of Michigan 7 |
| BOTTOM OF THE 8TH |
|
University of Michigan Wolverines batting - Pitching for Clemson University Tigers : RHP Dustin DeMent
|
|
Pitching: RHP John Sweet
|
|
|
Batting: RHB Walter Fisher
|
0-0: Ball 1-0: Foul Ball, location: 2F 1-1: Ball 2-1: Ball 3-1: Foul Ball, location: 2F 3-2: Foul Ball, location: 2F 3-2: Strikes out swinging
|
|
Batting: RHB Mike Harden
|
0-0: Foul Ball, location: 2F 0-1: Ball 1-1: Foul Ball, location: 2F 1-2: Foul Ball, location: 2F 1-2: Ground out 5-3 (Groundball, 56S, EV 85.6 MPH)
|
|
Batting: RHB Chris Williamson
|
0-0: Foul Ball, location: 2F 0-1: Called Strike 0-2: Fly out, F8 (Flyball, 8RM, EV 96.9 MPH)
|
| Bottom of the 8th over - 0 runs, 0 hits, 0 errors, 0 left on base; Clemson University 5 - University of Michigan 7 |
| TOP OF THE 9TH |
|
Clemson University Tigers batting - Pitching for University of Michigan Wolverines : RHP Dave Bressler
|
|
Pitching: RHP Tom DuBois
|
|
|
Batting: LHB Alfredo Padilla
|
0-0: Swinging Strike 0-1: Called Strike 0-2: Strikes out swinging
|
|
Batting: LHB Steve Gates
|
0-0: Swinging Strike 0-1: Ball 1-1: Foul Ball, location: 2F 1-2: DOUBLE (Line Drive, 89D, EV 101.2 MPH)
|
|
Batting: LHB Santiago Carrillo
|
0-0: Ball 1-0: Foul Ball, location: 2F 1-1: Ball 2-1: Called Strike 2-2: Strikes out looking
|
|
Pinch Hitting: LHB David Fiedler
|
0-0: Ball 1-0: Swinging Strike 1-1: Ball 2-1: Ground out 5-3 (Groundball, 56, EV 84.4 MPH)
|
| Top of the 9th over - 0 runs, 1 hit, 0 errors, 1 left on base; Clemson University 5 - University of Michigan 7 |
|